 Dungeon Crawl Stone Soup version 0.26.1-11-gd32895ea62 (webtiles) character file.

Game seed: 11919975831885480634

105 Tirrikindir the Shield-Bearer (level 4, -2/31 HPs)
             Began as an Octopode Fighter on June 9, 2021.
             Slain by an ufetubus (4 damage)
             ... on level 2 of the Dungeon.
             The game lasted 00:03:25 (1488 turns).

Tirrikindir the Shield-Bearer (Octopode Fighter)    Turns: 1488, Time: 00:03:28

Health: -2/31      AC:  1    Str: 15    XL:     4   Next: 83%
Magic:  4/4        EV: 12    Int: 10    God:
Gold:   167        SH:  9    Dex: 12    Spells: 3/3 levels left

rFire    . . .     SeeInvis .   a - +0 long sword
rCold    . . .     Faith    .   b - +0 kite shield
rNeg     . . .     Spirit   .   (helmet restricted)
rPois    .         Reflect  .   (no amulet)
rElec    .         Harm     .   (no ring)
rCorr    .         Rampage  .   (no ring)
Will     .....                  (no ring)
Stlth    +++.......             (no ring)
HPRegen  0.10/turn              (no ring)
MPRegen  0.09/turn              (no ring)
                                (no ring)
                                (no ring)

@: no status effects
A: almost no armour, stealthy swim, amphibious, 8 rings, constrict 8, camouflage
1, gelatinous body 1
a: no special abilities


You were on level 2 of the Dungeon.
You visited 1 branch of the dungeon, and saw 2 of its levels.

You collected 167 gold pieces.

Inventory:

Hand Weapons
 a - a +0 long sword (weapon)
 f - a +0 short sword
Missiles
 g - 6 boomerangs (quivered)
Armour
 b - a +0 kite shield (worn)
Scrolls
 d - 2 scrolls of amnesia {unknown}
 e - 5 scrolls of identify {unknown}
 h - 2 scrolls of teleportation {unknown}
 i - a scroll of noise {unknown}
 j - a scroll of magic mapping {unknown}
 m - a scroll of fog {unknown}
Potions
 c - a potion of might
 k - 2 potions of haste {unknown}
 l - 2 potions of invisibility {unknown}


   Skills:
 + Level 3.4 Fighting
 * Level 3.3 Long Blades
 + Level 3.3 Dodging
 + Level 2.2 Stealth
 + Level 3.5 Shields


You had 3 spell levels left.
You didn't know any spells.
Your spell library was empty.

Dungeon Overview and Level Annotations

Branches:
Dungeon (2/15)

Altars:


Innate Abilities, Weirdness & Mutations

You cannot wear most types of armour.
You are very stealthy in the water. (Stealth+)
You are amphibious.
You can wear up to eight rings at the same time.
You can use your tentacles to constrict eight enemies at once.
Your skin changes colour to match your surroundings (Stealth+).
Your rubbery body absorbs attacks. (AC +1, EV +1)


Message History

The ufetubus closely misses you. The orc priest hits you.
The ufetubus barely misses you. You block the ufetubus's attack.
The orc hits you.
* * * LOW HITPOINT WARNING * * *
The ufetubus misses you. You block the ufetubus's attack.
You block the orc's attack.
You hit the orc priest.
The orc priest is severely wounded.
You constrict the orc priest.
You kill the orc priest!
The ufetubus misses you.
You riposte.
You closely miss the ufetubus. Your grab misses the ufetubus.
You squeeze the ufetubus, but do no damage.
The ufetubus barely misses you. The orc misses you.
You riposte.
You hit the orc. You grab the orc. You squeeze the orc, but do no damage.
The orc is heavily wounded.
The orc wizard hits you with a +0 dagger!
* * * LOW HITPOINT WARNING * * *
The ufetubus barely misses you. The ufetubus hits you.
You die...

##### #........ ....# #........
....## #........ .....#######
#........ ...<.......# #........
##### ...........### #........
#.... ...##........###5o......
#.... ...#######......@o......
#.... ...########..########.##
#.... ...............# #....
...##....####++#### ###...
...##...##........## ###.....
...##..##..........## #...##.#
##.##.##............## #.#....#
#.####..............## ##...####
##..##................###..#.....


You could see an orc wizard (fast), an orc and an ufetubus.

Vanquished Creatures
  2 orc priests (D:2)
  An adder (D:2)
  2 oozes
  A dart slug (D:1)
  A ball python (D:1)
  4 giant cockroaches
  3 goblins
  4 hobgoblins
  8 jackals
  A quokka (D:2)
  5 bats
  5 frilled lizards (D:1)
  9 kobolds
  13 rats
59 creatures vanquished.

Notes
Turn   | Place    | Note
-------+----------+-------------------------------------------
     0 | D:1      | Tirrikindir the Octopode Fighter began the quest for the
                  | Orb.
     0 | D:1      | Reached XP level 1. HP: 16/16 MP: 1/1
    69 | D:1      | Reached XP level 2. HP: 20/21 MP: 2/2
   109 | D:1      | Reached skill level 1 in Stealth
   183 | D:1      | Reached XP level 3. HP: 12/26 MP: 3/3
  1032 | D:2      | Reached XP level 4. HP: 26/31 MP: 4/4
  1488 | D:2      | Slain by an ufetubus

Illustrated notes

Levels and vault maps discovered:
D:1:      minmay_arrival_hallway, layout_basic, minmay_misc_feat_iff
D:2:      kennysheep_big_flooded_room, layout_rooms, minmay_rat_gold_closets

Skill      XL: |  1  2  3  4 |
---------------+-------------+-----
Stealth        | 1 2 |  2.2
Long Blades    | 3 |  3.3
Fighting       | |  3.4
Dodging        | |  3.3
Shields        | |  3.5

Action                   |  1- 3 |  4- 6 || total
-------------------------+-------+-------++-------
Melee: Long sword        |    57 |    27 ||    84
       Constrict         |    16 |    11 ||    27
       Tentacles         |    10 |     9 ||    19
Throw: Boomerang         |     3 |     1 ||     4
 Stab: Sleeping          |     4 |     5 ||     9
Armor: Skin              |     4 |       ||     4
Dodge: Dodged            |    41 |    19 ||    60
Block: Kite shield       |    22 |    14 ||    36
       Rpst.: Long sword |    15 |     6 ||    21
